 Dungeon Crawl Stone Soup version 0.21.1-1-g345015f (webtiles) character file.

5136 tidbits the Magician (level 10, -16/79 HPs)
             Began as a Gnoll Skald on June 21, 2018.
             Was a High Priest of Cheibriados.
             Killed from afar by Erolcha (39 damage)
             ... with a crystal spear
             ... on level 9 of the Dungeon.
             The game lasted 00:36:58 (1939 turns).

tidbits the Magician (Gnoll Skald)                  Turns: 1939, Time: 00:36:59

Health: -16/79     AC: 21    Str: 26    XL:     10   Next: 58%
Magic:  16/21      EV: 13    Int: 31    God:    Cheibriados [*****.]
Gold:   85         SH: 14    Dex: 24    Spells: 10/23 levels left

rFire    . . .     SeeInvis .   a - +0 war axe
rCold    . . .     Gourm    .   D - +0 shield
rNeg     . . .     Faith    .   N - +0 ring mail of the Dwarven Hall {rPois}
rPois    +         Spirit   .   E - +2 helmet
rElec    .         Reflect  +   C - +1 cloak
rCorr    .         Harm     .   G - +0 pair of gloves
MR       +....                  F - +0 pair of boots
Stlth    ++........             y - +3 amulet of reflection
HPRegen  0.23/turn              T - ring of Robustness {AC+8}
MPRegen  0.17/turn              H - ring of protection from magic

@: heavily drained, very slow
A: distributed training, fangs 1, hooves 1, clumsy 1, strong nose
a: Bend Time, Temporal Distortion, Slouch, Step From Time, Renounce Religion


You were on level 9 of the Dungeon.
You worshipped Cheibriados.
Cheibriados was extremely pleased with you.
You were not hungry.

You visited 1 branch of the dungeon, and saw 10 of its levels.
You also visited: Sewer and Ossuary.

You collected 333 gold pieces.
You spent 248 gold pieces at shops.

Inventory:

Hand Weapons
 a - a +0 war axe (weapon)
 i - a +0 dagger
 l - the +7 great mace "Firestarter" {inner flame, rF++}
   (You found it on level 9 of the Dungeon)

   It has been specially enchanted to burn those struck by it, causing extra
   injury to most foes and up to half again as much damage against particularly
   susceptible opponents.
   It greatly protects you from fire.
 q - a +0 hand axe
 r - a +0 morningstar
Missiles
 f - 11 tomahawks (quivered)
 m - 106 arrows
 J - 2 throwing nets {!f}
 M - 13 stones
Armour
 C - a +1 cloak (worn)
 D - a +0 shield (worn)
 E - a +2 helmet (worn)
 F - a +0 pair of boots (worn)
 G - a +0 pair of gloves (worn)
 N - the +0 ring mail of the Dwarven Hall (worn) {rPois}
   (You found it on level 8 of the Dungeon)

   It protects you from poison.
 Z - a +2 helmet of intelligence
   (You found it on level 9 of the Dungeon)
Magical Staves
 S - an uncursed staff of fire
   (You took it off a centaur on level 9 of the Dungeon)
 U - an uncursed staff of poison
   (You took it off a crimson imp on level 9 of the Dungeon)
 V - an uncursed staff of wizardry {!a}
   (You took it off a crimson imp on level 9 of the Dungeon)
Jewellery
 p - a +4 amulet of reflection
   (You found it on level 3 of the Dungeon)
 y - a +3 amulet of reflection (around neck)
   (You found it on level 6 of the Dungeon)
 B - a -3 ring of dexterity
   (You found it on level 9 of the Dungeon)
 H - a ring of protection from magic (right hand)
   (You found it on level 1 of the Dungeon)
 T - the ring of Robustness (left hand) {AC+8}
   (You took it off a centaur on level 9 of the Dungeon)

   [ring of protection]

   It affects your AC (+8).
 W - the cursed necklace of Bloodlust {*Rage +Rage MR++ Int-3 Slay+6 *Curse}
   (You took it off a crimson imp on level 9 of the Dungeon)

   [amulet of rage]

   It affects your intelligence (-3).
   It affects your accuracy and damage with ranged weapons and melee attacks
   (+6).
   It affects your resistance to hostile enchantments.
   It lets you go berserk.
   It may make you go berserk in combat.
   It curses itself when equipped.
   It has a curse placed upon it.
Wands
 L - a wand of polymorph (15)
Scrolls
 b - 2 scrolls of fog
 g - a scroll of immolation
 n - a scroll of blinking
 v - 3 scrolls of enchant weapon
 x - 2 scrolls of magic mapping
 K - a scroll of fear
 P - 2 scrolls of amnesia {unknown}
 Q - a scroll of vulnerability {unknown}
Potions
 h - 4 potions of degeneration {unknown}
 j - 2 potions of agility {unknown}
 k - a potion of berserk rage {unknown}
 s - 4 potions of curing {unknown}
 u - 4 potions of flight {flight}
 w - a potion of ambrosia {unknown}
 z - 2 potions of cancellation {unknown}
 A - 2 potions of heal wounds {unknown}
 I - 2 potions of lignification
 R - a potion of resistance {unknown}
Books
 c - a book of Battle

   Spells                             Type                      Level
   a - Infusion                       Charms                       1
   b - Shroud of Golubria             Charms/Translocation         2
   c - Song of Slaying                Charms                       2
   d - Spectral Weapon                Hexes/Charms                 3
   e - Regeneration                   Charms/Necromancy            3
 O - a book of Debilitation
   (You found it on level 9 of the Dungeon)

   Spells                             Type                      Level
   a - Corona                         Hexes                        1
   b - Slow                           Hexes                        2
   c - Inner Flame                    Hexes/Fire                   3
   d - Portal Projectile              Hexes/Translocation          3
   e - Cause Fear                     Hexes                        4
   f - Leda's Liquefaction            Hexes/Earth                  4
 Y - a book of Alchemy
   (You found it on level 9 of the Dungeon)

   Spells                             Type                      Level
   a - Sublimation of Blood           Necromancy                   2
   b - Ignite Poison                  Fire/Transmutation/Poison    3
   c - Petrify                        Transmutation/Earth          4
   d - Alistair's Intoxication        Transmutation/Poison         5
   e - Irradiate                      Conjuration/Transmutation    5
Miscellaneous
 o - a sack of spiders
 X - a phantom mirror
Comestibles
 d - 9 rations


   Skills:
 + Level 7.1(4.8) Fighting
 + Level 5.3(3.1) Short Blades
 + Level 5.3(3.1) Long Blades
 + Level 7.1(4.8) Axes
 + Level 5.3(3.1) Maces & Flails
 + Level 5.3(3.1) Polearms
 + Level 5.3(3.1) Staves
 + Level 5.3(3.1) Slings
 + Level 5.3(3.1) Bows
 + Level 5.3(3.1) Crossbows
 + Level 5.3(3.1) Throwing
 + Level 6.0(3.7) Armour
 + Level 7.1(4.8) Dodging
 + Level 5.3(3.1) Stealth
 + Level 5.3(3.1) Shields
 + Level 5.3(3.1) Unarmed Combat
 + Level 7.4(5.0) Spellcasting
 + Level 4.4(2.2) Conjurations
 + Level 4.4(2.2) Hexes
 + Level 7.1(4.8) Charms
 + Level 4.4(2.2) Summonings
 + Level 4.4(2.2) Necromancy
 + Level 4.4(2.2) Translocations
 + Level 4.4(2.2) Transmutations
 + Level 4.4(2.2) Fire Magic
 + Level 4.4(2.2) Ice Magic
 + Level 4.4(2.2) Air Magic
 + Level 4.4(2.2) Earth Magic
 + Level 4.4(2.2) Poison Magic
 + Level 5.8(3.6) Invocations
 + Level 5.3(3.1) Evocations


You had 10 spell levels left.
You knew the following spells:

 Your Spells              Type           Power        Failure   Level  Hunger
g - Shroud of Golubria    Chrm/Tloc      ####......   14%         2    None
i - Infusion              Chrm           ####         5%          1    None
r - Regeneration          Chrm/Necr      ####......   26%         3    None
w - Spectral Weapon       Hex/Chrm       ####....     26%         3    None
y - Song of Slaying       Chrm           #####...     8%          2    None
Z - Sublimation of Blood  Necr           ###.......   22%         2    None


Dungeon Overview and Level Annotations

Branches:
Dungeon (10/15)            Temple (0/1) D:7
   Lair: D:8-11         Orc: D:9-12

Altars:
Cheibriados

Shops:
D:4 *%}   D:7 !*

Annotations:
D:9 Erolcha, Joseph


Innate Abilities, Weirdness & Mutations

Your experience applies equally to all skills.
You have very sharp teeth.
Your uncanny sense of smell can sniff out nearby items.
You have large cloven feet.
You are clumsy. (Dex -2)


Message History

Joseph shoots a sling bullet.
The sling bullet completely misses you.
The sling bullet misses your spectral weapon.
Okay, then.
Unknown command.
Okay, then.
Unknown command.
As you read the scroll of remove curse, it crumbles to dust.
You feel as if something is helping you.
Joseph smiles happily.
Joseph unwields an uncursed hunting sling.
Joseph wields an uncursed quarterstaff of draining.
You sense an unholy aura.
Joseph barely misses you.
Put on which piece of jewellery? (? for menu, Esc to quit)
You're wearing all the rings you can.
Remove which one? (? for menu, Esc to cancel) < or
T - the ring of Robustness {AC+8}; > or
B - a -3 ring of dexterity You remove your -3 ring of dexterity.
You feel agile.
Erolcha mumbles some strange words.
Erolcha seems to speed up.
e - a ring of protection from magic (right hand) Adjust (i)tems, (s)pells, or (a)bilities?
Adjust which item? (? for menu, Esc to quit)
e - a ring of protection from magic (right hand) Adjust to which letter? (? for menu, Esc to quit)
H - a ring of protection from magic (right hand) Evoke which item? (* to show all) (? for menu, Esc to quit)
Okay, then.
Unknown command.
Okay, then.
Unknown command.
You hit Joseph but do no damage.
Joseph is lightly wounded.
Your spectral weapon hits Joseph!
You block Joseph's attack.
Unknown command.
You slash Erolcha!
Erolcha is moderately wounded.
You hit Joseph.
Your spectral weapon fades away.
Erolcha casts a spell at you. The crystal spear misses you.
Joseph hits you with an uncursed quarterstaff of draining!
You feel drained. You block Erolcha's attack.
The flow of time bends around you.
Cheibriados rebukes Erolcha.
Erolcha seems to slow down.
Cheibriados rebukes Joseph.
Joseph seems to slow down.
You feel slightly more hungry.
Joseph hits you with an uncursed quarterstaff of draining!
You feel drained.
Cast which spell? (? or * to list)
You draw out your weapon's spirit!
You block Erolcha's attack.
Joseph hits you with an uncursed quarterstaff of draining!
* * * LOW HITPOINT WARNING * * *
You feel drained.
* * * LOW HITPOINT WARNING * * *
Unknown command.
You closely miss Erolcha. Your bite misses Erolcha.
Erolcha is moderately wounded.
You hit Joseph.
Your spectral weapon hits Erolcha!
Your spectral weapon hits Joseph!
You block Erolcha's attack. Joseph hits you but does no damage.
You feel drained.
Okay, then.
Unknown command.
Okay, then.
You hit Erolcha.
Erolcha is heavily wounded.
You hit Joseph but do no damage.
Your spectral weapon hits Erolcha!
Your spectral weapon misses Joseph.
You block Erolcha's attack.
You hit Erolcha.
Erolcha is severely wounded.
Your shield prevents you from hitting Joseph.
Your spectral weapon hits Erolcha!
Your spectral weapon hits Joseph!
Joseph hits you but does no damage.
You feel drained. You block Erolcha's attack.
Unknown command.
You hit Erolcha but do no damage. You bite Erolcha, but do no damage.
Erolcha is almost dead.
You barely miss Joseph.
Your spectral weapon hits Erolcha.
Your spectral weapon barely misses Joseph.
Joseph hits you but does no damage.
You feel drained. You block Erolcha's attack.
You hit Erolcha but do no damage. Your bite misses Erolcha.
Erolcha is almost dead.
You completely miss Joseph.
Your spectral weapon closely misses Erolcha.
Your spectral weapon closely misses Joseph.
Erolcha closely misses you.
Joseph hits you with an uncursed quarterstaff of draining!
* * * LOW HITPOINT WARNING * * *
You feel drained.
* * * LOW HITPOINT WARNING * * *
Unknown command.
You slash Joseph!
Joseph is severely wounded.
You hit Erolcha but do no damage.
Your spectral weapon hits Joseph!
Your spectral weapon closely misses Erolcha.
Erolcha points at you and mumbles some strange words.
The crystal spear hits you!
You die...

...# #..##### ....#
#..##.## #####...##
#..##.## . #........#
#..##.#. .. #........#
#..##.#. ...###........#
#..##.#.
..............###..##.#.
......O(...........##.#.
.....(@@....(......##.#.
...########........##..#
##....#..#.###
#....#..#.##.
#....#..##... ∆
#....#..####. #....#..#
## #....#..#
##########....#..##.##


You could see Joseph, Erolcha and a friendly spectral war axe.

Vanquished Creatures
  A centaur warrior (D:9)
  A cyclops (D:9)
  Prince Ribbit (D:9)
  6 yaks (D:9)
  A wraith (D:9)
  A water moccasin (D:7)
  An orc warrior (D:9)
  A black bear (D:6)
  A sky beast (D:8)
  2 ogres
  A necrophage (D:7)
  2 centaurs (D:9)
  6 bullfrogs
  A water moccasin zombie (Ossuary)
  2 scorpions (D:9)
  4 killer bees
  4 crimson imps
  A centaur zombie (D:7)
  2 hounds
  2 orc priests (D:7)
  A bullfrog skeleton (D:10)
  5 orc wizards
  A gnoll shaman (D:6)
  A centaur skeleton (D:3)
  6 jellies
  2 iguanas
  A worker ant (D:9)
  2 big kobold zombies (Ossuary)
  2 mummies (Ossuary)
  9 gnolls
  6 adders
  2 shadow imps
  2 oozes
  2 adder skeletons
  5 adder zombies (Ossuary)
  4 leopard geckos
  11 orcs
  A ball python (Sewer)
  3 giant cockroaches
  3 hobgoblins
  A quokka (D:7)
  10 bats
  7 frilled lizards
  3 gnoll zombies (Ossuary)
  2 goblins (D:3)
  5 hobgoblin zombies (Ossuary)
  A kobold (D:1)
  6 kobold zombies (Ossuary)
  6 orc zombies (Ossuary)
  A quokka zombie (D:5)
  3 rats
  A fungus (D:6)
156 creatures vanquished.

Vanquished Creatures (others)
  A cyclops (D:9)
  2 spectral weapons
3 creatures vanquished.

Grand Total: 159 creatures vanquished

Notes
Turn   | Place    | Note
-------+----------+-------------------------------------------
     0 | D:1      | tidbits the Gnoll Skald began the quest for the Orb.
     0 | D:1      | Reached XP level 1. HP: 20/20 MP: 6/6
    84 | D:2      | Noticed a centaur
   165 | D:2      | Reached XP level 2. HP: 22/26 MP: 7/7
   169 | D:2      | Learned a level 2 spell: Song of Slaying
   172 | D:2      | Learned a level 2 spell: Shroud of Golubria
   240 | D:3      | Reached skill level 5 in Spellcasting
   240 | D:3      | Reached skill level 1 in Invocations
   240 | D:3      | Reached XP level 3. HP: 28/31 MP: 1/9
   245 | D:3      | Learned a level 3 spell: Regeneration
   249 | D:3      | Learned a level 3 spell: Spectral Weapon
   281 | D:3      | Found a faded altar of an unknown god.
   286 | D:3      | Became a worshipper of Cheibriados the Contemplative
   286 | D:3      | Reached * piety under Cheibriados
   331 | D:4      | Found Ukovixt's Gadget Emporium.
   352 | D:4      | Found Kapnuh's Food Shop.
   358 | D:4      | Reached skill level 1 in Short Blades
   358 | D:4      | Reached skill level 1 in Long Blades
   358 | D:4      | Reached skill level 1 in Maces & Flails
   358 | D:4      | Reached skill level 1 in Polearms
   358 | D:4      | Reached skill level 1 in Staves
   358 | D:4      | Reached skill level 1 in Slings
   358 | D:4      | Reached skill level 1 in Bows
   358 | D:4      | Reached skill level 1 in Crossbows
   358 | D:4      | Reached skill level 1 in Throwing
   358 | D:4      | Reached skill level 1 in Stealth
   358 | D:4      | Reached skill level 1 in Shields
   358 | D:4      | Reached skill level 1 in Unarmed Combat
   358 | D:4      | Reached skill level 1 in Evocations
   367 | D:4      | Reached XP level 4. HP: 22/38 MP: 1/11
   440 | D:4      | Reached skill level 1 in Conjurations
   440 | D:4      | Reached skill level 1 in Hexes
   440 | D:4      | Reached skill level 1 in Summonings
   440 | D:4      | Reached skill level 1 in Necromancy
   440 | D:4      | Reached skill level 1 in Translocations
   440 | D:4      | Reached skill level 1 in Transmutations
   440 | D:4      | Reached skill level 1 in Fire Magic
   440 | D:4      | Reached skill level 1 in Ice Magic
   440 | D:4      | Reached skill level 1 in Air Magic
   440 | D:4      | Reached skill level 1 in Earth Magic
   440 | D:4      | Reached skill level 1 in Poison Magic
   443 | D:4      | Reached XP level 5. HP: 15/43 MP: 1/12
   455 | D:4      | Found Korchag's General Store.
   482 | D:4      | Bought a scroll of identify for 24 gold pieces
   530 | D:5      | Entered Level 5 of the Dungeon
   542 | D:5      | Reached ** piety under Cheibriados
   543 | D:5      | Found a glowing drain.
   553 | Sewer    | Entered a sewer
   633 | Sewer    | Reached skill level 3 in Armour
   759 | D:5      | Found a sand-covered staircase.
   766 | Ossuary  | Entered an ossuary
   798 | Ossuary  | Reached *** piety under Cheibriados
   833 | Ossuary  | Reached skill level 2 in Invocations
   833 | Ossuary  | Reached XP level 6. HP: 38/50 MP: 10/13
   863 | Ossuary  | Reached skill level 5 in Fighting
   863 | Ossuary  | Reached skill level 5 in Axes
   863 | Ossuary  | Reached skill level 5 in Dodging
   881 | Ossuary  | Reached skill level 2 in Short Blades
   881 | Ossuary  | Reached skill level 2 in Long Blades
   881 | Ossuary  | Reached skill level 2 in Maces & Flails
   881 | Ossuary  | Reached skill level 2 in Polearms
   881 | Ossuary  | Reached skill level 2 in Staves
   881 | Ossuary  | Reached skill level 2 in Slings
   881 | Ossuary  | Reached skill level 2 in Bows
   881 | Ossuary  | Reached skill level 2 in Crossbows
   881 | Ossuary  | Reached skill level 2 in Throwing
   881 | Ossuary  | Reached skill level 2 in Stealth
   881 | Ossuary  | Reached skill level 2 in Shields
   881 | Ossuary  | Reached skill level 2 in Unarmed Combat
   881 | Ossuary  | Reached skill level 2 in Evocations
  1023 | D:7      | Found Fisud's Distillery.
  1023 | D:7      | Found a staircase to the Ecumenical Temple.
  1026 | D:7      | Bought a potion of mutation for 128 gold pieces
  1026 | D:7      | Bought 2 potions of lignification for 96 gold pieces
  1026 | D:7      | Gained mutation: You are clumsy. (Dex -2) [potion of mutation]
  1026 | D:7      | Gained mutation: You have large cloven feet. [potion of mutation]
  1026 | D:7      | Gained mutation: You evolve. [potion of mutation]
  1038 | D:7      | Reached XP level 7. HP: 56/56 MP: 8/15
  1064 | D:7      | Reached **** piety under Cheibriados
  1064 | D:7      | Reached skill level 2 in Conjurations
  1064 | D:7      | Reached skill level 2 in Hexes
  1064 | D:7      | Reached skill level 2 in Summonings
  1064 | D:7      | Reached skill level 2 in Necromancy
  1064 | D:7      | Reached skill level 2 in Translocations
  1064 | D:7      | Reached skill level 2 in Transmutations
  1064 | D:7      | Reached skill level 2 in Fire Magic
  1064 | D:7      | Reached skill level 2 in Ice Magic
  1064 | D:7      | Reached skill level 2 in Air Magic
  1064 | D:7      | Reached skill level 2 in Earth Magic
  1064 | D:7      | Reached skill level 2 in Poison Magic
  1087 | D:6      | Reached skill level 3 in Invocations
  1111 | D:6      | Reached skill level 6 in Charms
  1111 | D:6      | Reached XP level 8. HP: 50/63 MP: 12/16
  1155 | D:7      | Reached skill level 4 in Armour
  1160 | D:7      | Reached skill level 3 in Short Blades
  1160 | D:7      | Reached skill level 3 in Long Blades
  1160 | D:7      | Reached skill level 3 in Maces & Flails
  1160 | D:7      | Reached skill level 3 in Polearms
  1160 | D:7      | Reached skill level 3 in Staves
  1160 | D:7      | Reached skill level 3 in Slings
  1160 | D:7      | Reached skill level 3 in Bows
  1160 | D:7      | Reached skill level 3 in Crossbows
  1160 | D:7      | Reached skill level 3 in Throwing
  1160 | D:7      | Reached skill level 3 in Stealth
  1160 | D:7      | Reached skill level 3 in Shields
  1160 | D:7      | Reached skill level 3 in Unarmed Combat
  1160 | D:7      | Reached skill level 3 in Evocations
  1251 | D:8      | Reached skill level 6 in Spellcasting
  1299 | D:8      | Got a faintly humming ring mail
  1310 | D:8      | Identified the cursed +0 ring mail of the Dwarven Hall {rPois} (You found it on level 8 of the Dungeon)
  1367 | D:7      | Found Akhiniz's Serpentskin Sales.
  1375 | D:7      | Reached ***** piety under Cheibriados
  1420 | D:9      | Noticed Prince Ribbit
  1428 | D:9      | Killed Prince Ribbit
  1428 | D:9      | Reached skill level 6 in Fighting
  1428 | D:9      | Reached skill level 6 in Axes
  1428 | D:9      | Reached skill level 6 in Dodging
  1428 | D:9      | Reached skill level 3 in Conjurations
  1428 | D:9      | Reached skill level 3 in Hexes
  1428 | D:9      | Reached skill level 3 in Summonings
  1428 | D:9      | Reached skill level 3 in Necromancy
  1428 | D:9      | Reached skill level 3 in Translocations
  1428 | D:9      | Reached skill level 3 in Transmutations
  1428 | D:9      | Reached skill level 3 in Fire Magic
  1428 | D:9      | Reached skill level 3 in Ice Magic
  1428 | D:9      | Reached skill level 3 in Air Magic
  1428 | D:9      | Reached skill level 3 in Earth Magic
  1428 | D:9      | Reached skill level 3 in Poison Magic
  1428 | D:9      | Reached skill level 4 in Invocations
  1428 | D:9      | Reached XP level 9. HP: 67/69 MP: 15/18
  1466 | D:10     | Entered Level 10 of the Dungeon
  1578 | D:9      | Reached skill level 4 in Short Blades
  1578 | D:9      | Reached skill level 4 in Long Blades
  1578 | D:9      | Reached skill level 4 in Maces & Flails
  1578 | D:9      | Reached skill level 4 in Polearms
  1578 | D:9      | Reached skill level 4 in Staves
  1578 | D:9      | Reached skill level 4 in Slings
  1578 | D:9      | Reached skill level 4 in Bows
  1578 | D:9      | Reached skill level 4 in Crossbows
  1578 | D:9      | Reached skill level 4 in Throwing
  1578 | D:9      | Reached skill level 4 in Stealth
  1578 | D:9      | Reached skill level 4 in Shields
  1578 | D:9      | Reached skill level 4 in Unarmed Combat
  1578 | D:9      | Reached skill level 4 in Evocations
  1584 | D:9      | Reached skill level 5 in Armour
  1607 | D:9      | Found a runed door.
  1610 | D:9      | Found a runed door.
  1610 | D:9      | Noticed a centaur warrior
  1621 | D:9      | Killed a centaur warrior
  1621 | D:9      | Reached skill level 7 in Spellcasting
  1621 | D:9      | Reached skill level 5 in Invocations
  1621 | D:9      | Reached XP level 10. HP: 75/77 MP: 12/20
  1626 | D:9      | Reached skill level 4 in Conjurations
  1626 | D:9      | Reached skill level 4 in Hexes
  1626 | D:9      | Reached skill level 4 in Summonings
  1626 | D:9      | Reached skill level 4 in Necromancy
  1626 | D:9      | Reached skill level 4 in Translocations
  1626 | D:9      | Reached skill level 4 in Transmutations
  1626 | D:9      | Reached skill level 4 in Fire Magic
  1626 | D:9      | Reached skill level 4 in Ice Magic
  1626 | D:9      | Reached skill level 4 in Air Magic
  1626 | D:9      | Reached skill level 4 in Earth Magic
  1626 | D:9      | Reached skill level 4 in Poison Magic
  1640 | D:9      | Lost mutation: You evolve. [end of evolution]
  1683 | D:9      | Noticed a cyclops
  1701 | D:9      | Killed a cyclops
  1701 | D:9      | Reached skill level 5 in Short Blades
  1701 | D:9      | Reached skill level 5 in Long Blades
  1701 | D:9      | Reached skill level 5 in Maces & Flails
  1701 | D:9      | Reached skill level 5 in Polearms
  1701 | D:9      | Reached skill level 5 in Staves
  1701 | D:9      | Reached skill level 5 in Slings
  1701 | D:9      | Reached skill level 5 in Bows
  1701 | D:9      | Reached skill level 5 in Crossbows
  1701 | D:9      | Reached skill level 5 in Throwing
  1701 | D:9      | Reached skill level 5 in Stealth
  1701 | D:9      | Reached skill level 5 in Shields
  1701 | D:9      | Reached skill level 5 in Unarmed Combat
  1701 | D:9      | Reached skill level 7 in Charms
  1701 | D:9      | Reached skill level 5 in Evocations
  1704 | D:9      | Found a runed door.
  1805 | D:9      | Reached skill level 7 in Fighting
  1805 | D:9      | Reached skill level 7 in Axes
  1805 | D:9      | Reached skill level 7 in Dodging
  1820 | D:9      | Noticed a cyclops
  1824 | D:9      | Killed a cyclops
  1845 | D:9      | Reached skill level 6 in Armour
  1857 | D:9      | Found the +7 great mace "Firestarter" {inner flame, rF++}
  1883 | D:9      | Learned a level 2 spell: Sublimation of Blood
  1923 | D:9      | Noticed Joseph
  1926 | D:9      | Noticed Erolcha
  1939 | D:9      | Killed from afar by Erolcha

Skill      XL: |  1  2  3  4  5  6  7  8  9 10 |
---------------+-------------------------------+-----
Spellcasting   | 5 6 7 |  7.4
Invocations    | 1 2 3 4 5 |  5.8
Short Blades   | 1 2 3 4 5 |  5.3
Long Blades    | 1 2 3 4 5 |  5.3
Maces & Flails | 1 2 3 4 5 |  5.3
Polearms       | 1 2 3 4 5 |  5.3
Staves         | 1 2 3 4 5 |  5.3
Slings         | 1 2 3 4 5 |  5.3
Bows           | 1 2 3 4 5 |  5.3
Crossbows      | 1 2 3 4 5 |  5.3
Throwing       | 1 2 3 4 5 |  5.3
Stealth        | 1 2 3 4 5 |  5.3
Shields        | 1 2 3 4 5 |  5.3
Unarmed Combat | 1 2 3 4 5 |  5.3
Evocations     | 1 2 3 4 5 |  5.3
Conjurations   | 1 2 3 4 |  4.4
Hexes          | 1 2 3 4 |  4.4
Summonings     | 1 2 3 4 |  4.4
Necromancy     | 1 2 3 4 |  4.4
Translocations | 1 2 3 4 |  4.4
Transmutations | 1 2 3 4 |  4.4
Fire Magic     | 1 2 3 4 |  4.4
Ice Magic      | 1 2 3 4 |  4.4
Air Magic      | 1 2 3 4 |  4.4
Earth Magic    | 1 2 3 4 |  4.4
Poison Magic   | 1 2 3 4 |  4.4
Armour         | 3 4 5 6 |  6.0
Fighting       | 5 6 7 |  7.1
Axes           | 5 6 7 |  7.1
Dodging        | 5 6 7 |  7.1
Charms         | 6 7 |  7.1

Action                   |  1- 3 |  4- 6 |  7- 9 | 10-12 || total
-------------------------+-------+-------+-------+-------++-------
Melee: Hand axe          |    49 |       |       |       ||    49
       Bite              |     3 |    18 |    14 |    19 ||    54
       Punch             |     1 |       |     1 |       ||     2
       War axe           |       |   115 |    86 |    18 ||   219
       Morningstar       |       |       |       |    45 ||    45
Throw: Tomahawk          |       |     1 |     9 |     5 ||    15
 Cast: Infusion          |     4 |       |       |       ||     4
       Song of Slaying   |     3 |    10 |     4 |     3 ||    20
       Spectral Weapon   |     3 |    15 |    16 |     6 ||    40
       Regeneration      |       |     4 |     5 |     2 ||    11
       Shroud of Golubri |       |       |     2 |     1 ||     3
Invok: Bend Time         |       |       |       |     2 ||     2
  Use: Scroll            |       |     6 |     1 |     3 ||    10
       Potion            |       |     2 |       |       ||     2
 Stab: Sleeping          |       |     2 |       |     1 ||     3
       Distracted        |       |       |     1 |     2 ||     3
  Eat: Chunk             |       |       |     2 |     1 ||     3
Armor: Leather armour    |     7 |    24 |    10 |       ||    41
       Ring mail         |       |       |    20 |    15 ||    35
Dodge: Dodged            |    25 |    84 |    63 |    24 ||   196
Block: Other             |     4 |    22 |    13 |       ||    39
       Reflection        |     2 |       |     3 |     7 ||    12
       Shield            |       |       |    28 |    49 ||    77

Table legend:
 A = Turns spent in this place as a percentage of turns spent in the entire game.
 B = Non-inter-level travel turns spent in this place as a percentage of non-inter-level travel turns spent in the entire game.
 C = Inter-level travel turns spent in this place as a percentage of turns spent in this place.
 D = Turns resting spent in this place as a percentage of non-inter-level travel turns spent in this place.
 E = Turns spent auto-exploring this place as a percentage of non-inter-level travel turns spent in this place.
 F = Non-inter-level travel turns spent in this place divided by the number of levels of this place that you've seen.
                   A       B       C       D       E      F
               +-------+-------+-------+-------+-------+----------------------
         Total | 100.0 | 100.0 |   0.5 |   0.0 |   0.0 | 160.8
       Dungeon |  84.7 |  84.7 |   0.6 |   0.0 |   0.0 | 163.3
         Sewer |   7.6 |   7.6 |   0.0 |   0.0 |   0.0 | 147.0
       Ossuary |   7.7 |   7.7 |   0.0 |   0.0 |   0.0 | 149.0
               +-------+-------+-------+-------+-------+----------------------

Table legend:
 A = Kills in this place as a percentage of kills in entire the game.
 B = Kills by you in this place as a percentage of kills by you in the entire game.
 C = Kills by friends in this place as a percentage of kills by friends in the entire game.
 D = Other kills in this place as a percentage of other kills in the entire game.
 E = Experience gained in this place as a percentage of experience gained in the entire game.
 F = Experience gained in this place divided by the number of levels of this place that you have seen.
                   A       B       C       D       E      F
               +-------+-------+-------+-------+-------+----------------------
         Total | 100.0 | 100.0 |   N/A | 100.0 | 100.0 | 611.5
       Dungeon |  72.4 |  72.3 |   N/A | 100.0 |  96.7 | 709.7
         Sewer |   8.3 |   8.4 |   N/A |   0.0 |   0.4 |  31.0
       Ossuary |  19.2 |  19.4 |   N/A |   0.0 |   2.9 | 210.0
               +-------+-------+-------+-------+-------+----------------------

Vault maps used:
D:1:      mrwooster_arrival_statue_2, minmay_split_cup_small
D:2:      led_sif_pool
D:3:      cheibrodos_pilgrimage, marbit_many_paths,
          chequers_ecumenical_altar_simple, first_ration
D:4:      serial_shops, shop, nicolae_shop_statue_plus, shop,
          nicolae_shop_statue_plus, shop, tso_altar
D:5:      minitemple, enter_ossuary_5, portal_sewer_entry_d
D:6:      lemuel_coloured_pillars_altar, hangedman_decor_lopped,
          minmay_gold_behind_fungi
D:7:      temple_fountains, serial_shops, shop, grunt_ogre_cave, hex_tiny,
          guppyfry_shop_venom
D:9:      minmay_the_grid_triangle_9x9_rhombus_full, minmay_misc_feat_plants,
          uniq_joseph, uniq_erolcha, uniq_prince_ribbit1
D:10:     erik_lair_orcish_takeover, serial_shops, kennysheep_mini_moat,
          nicolae_shop_behind_doors, okawaru_metal_pillars_1_2, uniq_urug
Sewer:    sewer_fruit_machine
Ossuary:  ossuary_tomb_2
